[Event "27th Heraklion Open 2019"]
[Site "Heraklion"]
[Date "2019.09.09"]
[Round "8.13"]
[White "Xirouhakis, Emmanouil"]
[Black "Vitsaxaki, Iris"]
[Result "1/2-1/2"]
[ECO "D35"]
[WhiteElo "1574"]
[BlackElo "1494"]
[Annotator "NA RC"]
[PlyCount "39"]
[EventDate "2019.09.03"]
[EventType "swiss"]
[EventCountry "GRE"]
[SourceTitle "playchess.com"]
[Source "ChessBase"]
[SourceQuality "1"]
[TimeControl "40/5400+30:1800+30"]

1. d4 d5 2. c4 e6 3. Nc3 Nf6 4. cxd5 exd5 5. Bg5 Be7 6. e3 c6 7. Bd3 Nbd7 8. Nge2 h6 9. Bh4 Nh5 10. Bxe7 Qxe7 11. O-O O-O 12. a3 a5 13. Qc2 Nb6 14. Qb3 Qc7 15. Rfc1 Be6 16. Na4 Nxa4 17. Qxa4 Rfc8 18. Qb3 Qd7 19. Qb6 Qc7 20. Qb3 1/2-1/2

[Event "27th Heraklion Open 2019"]
[Site "Heraklion"]
[Date "2019.09.09"]
[Round "8.14"]
[White "Kazakos, Nikolaos"]
[Black "Burnett, Leon P"]
[Result "1/2-1/2"]
[ECO "B15"]
[WhiteElo "1514"]
[BlackElo "1849"]
[Annotator "NA RC"]
[PlyCount "66"]
[EventDate "2019.09.03"]
[EventType "swiss"]
[EventCountry "GRE"]
[SourceTitle "playchess.com"]
[Source "ChessBase"]
[SourceQuality "1"]
[TimeControl "40/5400+30:1800+30"]

1. e4 g6 2. d4 Bg7 3. Nc3 c6 4. Be3 d5 5. f3 dxe4 6. fxe4 Nf6 7. Nf3 Nbd7 8. h3 Qc7 9. e5 Nd5 10. Nxd5 cxd5 11. Bd3 f6 12. exf6 exf6 13. Qd2 Qg3+ 14. Qf2 Qxf2+ 15. Kxf2 Nb6 16. Rhe1 Kf7 17. Bf4 Be6 18. Rac1 Rac8 19. b3 a6 20. Nd2 Rc6 21. a4 Bf8 22. Nf3 Ba3 23. Ra1 Bb4 24. Bd2 Bd6 25. Rac1 Rhc8 26. Red1 Ba3 27. Ra1 Bd6 28. Rac1 Kg7 29. Re1 Bf7 30. Re2 Nd7 31. g3 f5 32. Ng5 Nf6 33. Nf3 Nd7 1/2-1/2

[Event "27th Heraklion Open 2019"]
[Site "Heraklion"]
[Date "2019.09.09"]
[Round "8.15"]
[White "Dagkonaki, Aspasia"]
[Black "Westman, Lennart"]
[Result "1/2-1/2"]
[ECO "B07"]
[WhiteElo "1413"]
[BlackElo "1700"]
[Annotator "NA RC"]
[PlyCount "158"]
[EventDate "2019.09.03"]
[EventType "swiss"]
[EventCountry "GRE"]
[SourceTitle "playchess.com"]
[Source "ChessBase"]
[SourceQuality "1"]
[TimeControl "40/5400+30:1800+30"]

1. e4 d6 2. Nf3 Nf6 3. Nc3 Nbd7 4. Bc4 h6 5. d3 e5 6. h3 Be7 7. Be3 O-O 8. O-O c6 9. Bb3 Nb6 10. Re1 Be6 11. Ne2 Bxb3 12. axb3 Re8 13. Ng3 Bf8 14. Qc1 Kh7 15. Nf5 Ng8 16. g4 g6 17. Ng3 f6 18. h4 d5 19. g5 Qd7 20. Kg2 d4 21. Bd2 Qf7 22. Rh1 Nd7 23. gxh6 Bxh6 24. h5 g5 25. Nf5 Qf8 26. Rh2 Re6 27. Nxh6 Nxh6 28. Bxg5 Nf7 29. Bd2 a6 30. Kh1 Qc5 31. Nh4 Rg8 32. Nf5 Ree8 33. b4 Qb6 34. Qd1 Ng5 35. Qe2 Qc7 36. Rg1 c5 37. bxc5 Qxc5 38. Bc1 Nf8 39. Rhg2 Nfe6 40. Rg4 Rc8 41. Bxg5 Nxg5 42. Rc1 a5 43. c4 dxc3 44. Rxc3 Qb4 45. Qc2 Rxc3 46. bxc3 Qc5 47. Ne3 Qc8 48. Nd5 Qe6 49. Rg3 Kh8 50. f4 exf4 51. Nxf4 Qc6 52. Ng6+ Kh7 53. Ne7 Qd6 54. Nxg8 Qxg3 55. Nxf6+ Kg7 56. Nd5 Nf3 57. Qg2 Qxg2+ 58. Kxg2 Ne1+ 59. Kg3 Nxd3 60. Nb6 Nc5 61. Kf4 a4 62. Nc4 Ne6+ 63. Ke5 Nc7 64. Na3 Kh6 65. Kd6 Ne8+ 66. Kc5 Kxh5 67. e5 Kg6 68. Kb4 Kf5 69. Nc4 Nc7 70. Kxa4 b5+ 71. Kb4 bxc4 72. Kxc4 Kxe5 73. Kc5 Ne6+ 74. Kc6 Kf6 75. Kd6 Kf5 76. c4 Kf6 77. Kd5 Kf5 78. Kd6 Kf6 79. Kd5 Kf5 {Ke4+ Ke5+} 1/2-1/2

[Event "27th Heraklion Open 2019"]
[Site "Heraklion"]
[Date "2019.09.09"]
[Round "8.16"]
[White "Stathatos, Alexandros"]
[Black "Natoli, Domenico"]
[Result "1-0"]
[ECO "B94"]
[WhiteElo "1387"]
[BlackElo "1694"]
[Annotator "NA RC"]
[PlyCount "43"]
[EventDate "2019.09.03"]
[EventType "swiss"]
[EventCountry "GRE"]
[SourceTitle "playchess.com"]
[Source "ChessBase"]
[SourceQuality "1"]
[TimeControl "40/5400+30:1800+30"]

1. e4 c5 2. Nf3 d6 3. d4 cxd4 4. Nxd4 Nf6 5. Nc3 a6 6. Bg5 Nbd7 7. f4 Qc7 8. Qf3 b5 9. O-O-O Bb7 10. a3 g6 11. g4 Bg7 12. Bxf6 Bxf6 13. g5 Bg7 14. h4 e5 15. Ndxb5 axb5 16. Nxb5 Qc6 17. Nxd6+ Ke7 18. Bb5 Qb6 19. Qb3 Rhf8 20. Nf5+ gxf5 21. Rxd7+ Ke8 22. Rxb7+ 1-0

[Event "27th Heraklion Open 2019"]
[Site "Heraklion"]
[Date "2019.09.09"]
[Round "8.17"]
[White "Petratos, Georgios"]
[Black "Kealar, Konstantinos"]
[Result "1/2-1/2"]
[ECO "B20"]
[WhiteElo "1567"]
[BlackElo "1270"]
[Annotator "NA RC"]
[PlyCount "107"]
[EventDate "2019.09.03"]
[EventType "swiss"]
[EventCountry "GRE"]
[SourceTitle "playchess.com"]
[Source "ChessBase"]
[SourceQuality "1"]
[TimeControl "40/5400+30:1800+30"]

1. e4 c5 2. Ne2 Nc6 3. d4 e6 4. c3 Qb6 5. g3 cxd4 6. cxd4 g6 7. Bg2 Bg7 8. e5 Nge7 9. Nbc3 Nf5 10. Be3 Qxb2 11. Rb1 Qa3 12. Nb5 Qa5+ 13. Bd2 Qd8 14. g4 Nh4 15. Nd6+ Kf8 16. Be4 Kg8 17. O-O h5 18. g5 b6 19. f4 Rb8 20. d5 Ne7 21. dxe6 dxe6 22. Nd4 Nhf5 23. N4xf5 Nxf5 24. Bxf5 exf5 25. Be3 Be6 26. Qa4 Qe7 27. Rbc1 Kh7 28. Rc3 Rhd8 29. Rfc1 Rxd6 30. exd6 Qxd6 31. Rd1 Qe7 32. Rcd3 b5 33. Qxa7 Qxa7 34. Bxa7 Ra8 35. Bd4 Rxa2 36. R1d2 b4 37. Rxa2 Bxa2 38. Bxg7 Kxg7 39. Rd4 b3 40. Rb4 Kf8 41. Rb7 Ke8 42. Kf2 Kd8 43. Ke3 Kc8 44. Rb4 Kc7 45. Kd4 Kd6 46. h4 Kc6 47. Ke5 Kc5 48. Rb8 Kc4 49. Kf6 Kc3 50. Kxf7 b2+ 51. Kxg6 Bb3 52. Rc8+ Bc4 53. Rb8 Bb3 54. Rc8+ 1/2-1/2

[Event "27th Heraklion Open 2019"]
[Site "Heraklion"]
[Date "2019.09.09"]
[Round "8.18"]
[White "Mavridis, Emmanouel"]
[Black "Koutsouraki, Ariadni"]
[Result "0-1"]
[ECO "D53"]
[WhiteElo "1268"]
[BlackElo "1516"]
[Annotator "NA RC"]
[PlyCount "121"]
[EventDate "2019.09.03"]
[EventType "swiss"]
[EventCountry "GRE"]
[SourceTitle "playchess.com"]
[Source "ChessBase"]
[SourceQuality "1"]
[TimeControl "40/5400+30:1800+30"]

1. d4 d5 2. c4 e6 3. Nc3 Nf6 4. Bg5 Be7 5. Nf3 c6 6. e3 Nbd7 7. Be2 h6 8. Bh4 O-O 9. O-O b6 10. cxd5 cxd5 11. Bb5 Bb7 12. Rc1 a6 13. Bd3 b5 14. Ne2 Nb6 15. Ne5 Nc4 16. Bxc4 dxc4 17. b3 Ba3 18. Rb1 Be4 19. Ng4 Bxb1 20. Qxb1 Be7 21. Ne5 cxb3 22. Qxb3 Rc8 23. Nf4 Qd6 24. Bg3 Ne4 25. Qd3 Nxg3 26. hxg3 Bf6 27. Ng4 Be7 28. Ne5 Qa3 29. Qe2 Rc1 30. Rxc1 Qxc1+ 31. Kh2 Bd6 32. Qg4 Bxe5 33. dxe5 Qc4 34. Qf3 Qxa2 35. Nh5 Qd5 36. Qg4 Qxe5 37. f4 Qc3 38. e4 Kh7 39. e5 Rg8 40. Qe2 Qc4 41. Qe3 Rc8 42. Qa7 Qc7 43. Qxa6 b4 44. Qd3+ Kh8 45. g4 Qe7 46. g3 Rc3 47. Qb5 Rc2+ 48. Kh3 Rc8 49. Qb6 Kg8 50. Qb5 Qc5 51. Qb7 Qc4 52. Kh4 Qc2 53. g5 hxg5+ 54. Kxg5 b3 55. g4 b2 56. Nf6+ gxf6+ 57. Kxf6 Rf8 58. f5 b1=Q 59. Qd7 exf5 60. gxf5 Qbc1 61. Qd6 0-1

[Event "27th Heraklion Open 2019"]
[Site "Heraklion"]
[Date "2019.09.09"]
[Round "8.19"]
[White "Roditakis, Emmanouil"]
[Black "Borbantonakis, Ioannis"]
[Result "0-1"]
[ECO "B07"]
[WhiteElo "1193"]
[BlackElo "1635"]
[Annotator "NA"]
[PlyCount "70"]
[EventDate "2019.09.03"]
[EventType "swiss"]
[EventCountry "GRE"]
[SourceTitle "playchess.com"]
[Source "ChessBase"]
[SourceQuality "1"]
[TimeControl "40/5400+30:1800+30"]

1. e4 d6 2. Nf3 Nf6 3. Nc3 g6 4. Bc4 Bg7 5. d3 a6 6. h3 O-O 7. Be3 b5 8. Bb3 c5 9. a3 Nc6 10. Qd2 Bb7 11. Bh6 Na5 12. Ba2 Qc7 13. Bxg7 Kxg7 14. Ng5 c4 15. Rc1 d5 16. exd5 Rad8 17. O-O Nxd5 18. Nxd5 Rxd5 19. Qc3+ Qe5 20. Qxe5+ Rxe5 21. Nf3 Rh5 22. Nd2 Rd8 23. Nb1 cxd3 24. cxd3 Rxd3 25. Rc3 Rxc3 26. Nxc3 Nc4 27. Bxc4 bxc4 28. Ne2 Rb5 29. Rb1 Be4 30. Rc1 Rb4 31. b3 Rxb3 32. Nc3 Rb2 33. Na4 Bd3 34. Rb1 Bxb1 35. Nxb2 c3 0-1

[Event "27th Heraklion Open 2019"]
[Site "Heraklion"]
[Date "2019.09.10"]
[Round "9.4"]
[White "Ivanov, Mike"]
[Black "Lirindzakis, Timotheos"]
[Result "1-0"]
[ECO "C36"]
[WhiteElo "2177"]
[BlackElo "2157"]
[Annotator "NA"]
[PlyCount "63"]
[EventDate "2019.09.03"]
[EventType "swiss"]
[EventCountry "GRE"]
[SourceTitle "playchess.com"]
[Source "ChessBase"]
[SourceQuality "1"]
[TimeControl "40/5400+30:1800+30"]

1. e4 e5 2. f4 d5 3. exd5 exf4 4. Nf3 Nf6 5. Be2 Nxd5 6. c4 Ne7 7. Nc3 Ng6 8. h4 h5 9. d4 c6 10. Bd3 Be7 11. Bxg6 fxg6 12. Bxf4 O-O 13. Qd2 Nd7 14. O-O-O Nb6 15. Ne5 Bf5 16. Bg5 Bf6 17. g4 hxg4 18. Rdg1 Qc8 19. h5 Bxe5 20. dxe5 gxh5 21. Rxh5 Bg6 22. Rh4 Qf5 23. Rhxg4 Bh5 24. Rh4 Bg6 25. Bf6 gxf6 26. Rhg4 Kf7 27. Rxg6 Rg8 28. e6+ Qxe6 29. Qh6 Rxg6 30. Qh7+ Kf8 31. Rxg6 Re8 32. Qg7# 1-0

[Event "27th Heraklion Open 2019"]
[Site "Heraklion"]
[Date "2019.09.10"]
[Round "9.5"]
[White "Bras, Emmanouel"]
[Black "Peng, Li Min"]
[Result "0-1"]
[ECO "A48"]
[WhiteElo "1838"]
[BlackElo "2465"]
[Annotator "ChessBase"]
[PlyCount "78"]
[EventDate "2019.09.03"]
[EventType "swiss"]
[EventCountry "GRE"]
[SourceTitle "playchess.com"]
[Source "ChessBase"]
[SourceQuality "1"]
[TimeControl "40/5400+30:1800+30"]

1. d4 Nf6 2. Nf3 g6 3. Bf4 Bg7 4. h3 d6 5. Nbd2 O-O 6. e4 Nfd7 7. Bg5 h6 8. Bh4 g5 9. Bg3 e6 10. Bc4 Kh8 11. c3 Qe7 12. Qe2 Nc6 13. O-O-O f5 14. exf5 exf5 15. Qxe7 Nxe7 16. Rhe1 Ng6 17. Bd3 Nf6 18. Ng1 Bd7 19. f3 Ba4 20. Bc2 Bxc2 21. Kxc2 h5 22. h4 g4 23. Bf2 f4 24. g3 fxg3 25. Bxg3 Nd5 26. fxg4 hxg4 27. Re4 Bh6 28. Rde1 Nf6 29. Re6 Kg7 30. Ne4 Nh5 31. Ne2 Rf3 32. Rg1 Re3 33. Kd1 Rxe2 34. Rxg6+ Kxg6 35. Kxe2 Re8 36. Kd3 d5 37. Ng5 Bxg5 38. hxg5 Nxg3 39. Rxg3 Kxg5 0-1

[Event "27th Heraklion Open 2019"]
[Site "Heraklion"]
[Date "2019.09.10"]
[Round "9.7"]
[White "Koutsourakis, Ioannis"]
[Black "Namini, Armin"]
[Result "0-1"]
[ECO "A73"]
[WhiteElo "1739"]
[BlackElo "2251"]
[Annotator "NA"]
[PlyCount "70"]
[EventDate "2019.09.03"]
[EventType "swiss"]
[EventCountry "GRE"]
[SourceTitle "playchess.com"]
[Source "ChessBase"]
[SourceQuality "1"]
[TimeControl "40/5400+30:1800+30"]

1. d4 Nf6 2. c4 c5 3. d5 e6 4. Nc3 exd5 5. cxd5 d6 6. e4 g6 7. Nf3 Bg7 8. Be2 O-O 9. O-O Bg4 10. Bg5 Nbd7 11. Nd2 Bxe2 12. Qxe2 Re8 13. Nc4 Nb6 14. f4 Nxc4 15. Qxc4 Qb6 16. Bxf6 Bxf6 17. Rab1 Qb4 18. Qd3 Qd4+ 19. Qxd4 Bxd4+ 20. Kh1 a6 21. Rfe1 b5 22. g3 Re7 23. Kg2 Rae8 24. Kf3 f5 25. Re2 Bxc3 26. bxc3 Rxe4 27. Rxe4 Rxe4 28. Rb2 Kf7 29. g4 Rc4 30. Rb3 Ra4 31. gxf5 gxf5 32. Rb2 Ra3 33. Rc2 b4 34. Ke3 Rxc3+ 35. Rxc3 bxc3 0-1

[Event "27th Heraklion Open 2019"]
[Site "Heraklion"]
[Date "2019.09.10"]
[Round "9.8"]
[White "Fasching, Markus"]
[Black "Hulshof, Peter"]
[Result "0-1"]
[ECO "B06"]
[WhiteElo "2029"]
[BlackElo "2180"]
[Annotator "NA"]
[PlyCount "56"]
[EventDate "2019.09.03"]
[EventType "swiss"]
[EventCountry "GRE"]
[SourceTitle "playchess.com"]
[Source "ChessBase"]
[SourceQuality "1"]
[TimeControl "40/5400+30:1800+30"]

1. e4 g6 2. d4 Bg7 3. Nf3 c6 4. Bc4 d5 5. Bb3 Bg4 6. h3 Bxf3 7. Qxf3 e6 8. e5 Nd7 9. Be3 Ne7 10. h4 Nf5 11. h5 Nxe3 12. Qxe3 Qe7 13. h6 Bf8 14. Nd2 c5 15. c3 cxd4 16. cxd4 Qb4 17. Rc1 Be7 18. Rc7 Qb6 19. Qc3 Bb4 20. Qc2 Qxd4 21. Ba4 Bxd2+ 22. Ke2 O-O 23. Bxd7 Bf4 24. Qc3 Qe4+ 25. Kf1 Bxe5 26. f3 Qf4 27. Rh4 Bxc3 28. Rxf4 Be5 0-1

[Event "27th Heraklion Open 2019"]
[Site "Heraklion"]
[Date "2019.09.10"]
[Round "9.9"]
[White "Koutsouraki, Ariadni"]
[Black "Kotsinis, Alexandros"]
[Result "0-1"]
[ECO "B00"]
[WhiteElo "1516"]
[BlackElo "1951"]
[Annotator "NA"]
[PlyCount "58"]
[EventDate "2019.09.03"]
[EventType "swiss"]
[EventCountry "GRE"]
[SourceTitle "playchess.com"]
[Source "ChessBase"]
[SourceQuality "1"]
[TimeControl "40/5400+30:1800+30"]

1. e4 a6 2. d4 b5 3. c3 Bb7 4. Bd3 g6 5. Nf3 Bg7 6. h3 d6 7. O-O Nd7 8. Re1 c5 9. dxc5 Nxc5 10. Bc2 Nf6 11. Nbd2 O-O 12. Nd4 Qc7 13. Qe2 e5 14. N4b3 Ne6 15. Nf3 Rfe8 16. Ng5 Nf8 17. Bd2 h6 18. Nf3 d5 19. exd5 Nxd5 20. Rad1 Ne6 21. Be4 Rad8 22. Bc1 f5 23. Bxd5 Bxd5 24. Nxe5 Nc5 25. f4 Ne4 26. Nxg6 Qb6+ 27. Be3 Qxg6 28. Qc2 Qg3 29. Nd4 Nxc3 0-1

[Event "27th Heraklion Open 2019"]
[Site "Heraklion"]
[Date "2019.09.10"]
[Round "9.10"]
[White "Vitsaxaki, Iris"]
[Black "Atakay, Mustafa"]
[Result "0-1"]
[ECO "B13"]
[WhiteElo "1494"]
[BlackElo "1866"]
[Annotator "NA"]
[PlyCount "116"]
[EventDate "2019.09.03"]
[EventType "swiss"]
[EventCountry "GRE"]
[SourceTitle "playchess.com"]
[Source "ChessBase"]
[SourceQuality "1"]
[TimeControl "40/5400+30:1800+30"]

1. e4 c6 2. d4 d5 3. exd5 cxd5 4. Bd3 Nc6 5. c3 Qc7 6. Ne2 Bg4 7. O-O Nf6 8. Qe1 e6 9. f3 Bh5 10. Qh4 Rg8 11. Bg5 Bg6 12. Bxg6 hxg6 13. Bxf6 gxf6 14. Qh7 Rg7 15. Qh4 g5 16. Qh5 O-O-O 17. f4 Rg6 18. fxg5 fxg5 19. Qf3 f5 20. Ng3 Kb8 21. Nd2 g4 22. Qf2 Bd6 23. Rfe1 Rh8 24. Ndf1 Qh7 25. Ne2 Bxh2+ 26. Nxh2 Qxh2+ 27. Kf1 Qh1+ 28. Qg1 Qxg1+ 29. Nxg1 Kc7 30. Kf2 Kd6 31. Ne2 Rgh6 32. Kg3 Nd8 33. Nf4 Nf7 34. Nd3 Ng5 35. Nf2 Rh2 36. Rh1 Rxh1 37. Rxh1 Rxh1 38. Nxh1 e5 39. Kf2 Ne4+ 40. Ke2 exd4 41. cxd4 f4 42. Kd3 Kc6 43. Kc2 Kb5 44. Kb3 f3 45. gxf3 gxf3 46. a4+ Kc6 47. Kc2 f2 48. Nxf2 Nxf2 49. b4 b5 50. a5 a6 51. Kc3 Kd6 52. Kd2 Ke6 53. Ke2 Kf5 54. Ke3 Ng4+ 55. Kf3 Nh6 56. Ke3 Ng8 57. Kf3 Ne7 58. Ke3 Nc6 {Ke4+ Kxe4} 0-1

[Event "27th Heraklion Open 2019"]
[Site "Heraklion"]
[Date "2019.09.10"]
[Round "9.11"]
[White "Fragkiadakis, Emmanouel"]
[Black "Stathatos, Alexandros"]
[Result "0-1"]
[ECO "D00"]
[WhiteElo "1743"]
[BlackElo "1387"]
[Annotator "NA"]
[PlyCount "38"]
[EventDate "2019.09.03"]
[EventType "swiss"]
[EventCountry "GRE"]
[SourceTitle "playchess.com"]
[Source "ChessBase"]
[SourceQuality "1"]
[TimeControl "40/5400+30:1800+30"]

1. d4 Nf6 2. Bf4 d5 3. Nc3 c5 4. Nb5 Qa5+ 5. Nc3 cxd4 6. Qxd4 Nc6 7. Qd2 e5 8. Bg5 d4 9. Nb1 Bb4 10. c3 dxc3 11. bxc3 Ne4 12. cxb4 Nxb4 13. Qd8+ Qxd8 14. Bxd8 Nc2+ 15. Kd1 Nxa1 16. Bh4 Be6 17. e3 f6 18. Bb5+ Kf7 19. Kc1 Rac8+ 0-1

[Event "27th Heraklion Open 2019"]
[Site "Heraklion"]
[Date "2019.09.10"]
[Round "9.12"]
[White "Koutsaftis, Efstratios Panagioti"]
[Black "Mavridis, Athanasios"]
[Result "1-0"]
[ECO "A27"]
[WhiteElo "1611"]
[BlackElo "1493"]
[Annotator "NA"]
[PlyCount "107"]
[EventDate "2019.09.03"]
[EventType "swiss"]
[EventCountry "GRE"]
[SourceTitle "playchess.com"]
[Source "ChessBase"]
[SourceQuality "1"]
[TimeControl "40/5400+30:1800+30"]

1. c4 e5 2. Nc3 Nc6 3. Nf3 Bb4 4. Qc2 d6 5. Nd5 Bc5 6. e3 Nge7 7. a3 a5 8. b3 O-O 9. Bb2 Ba7 10. Be2 Bf5 11. d3 Be6 12. Nxe7+ Nxe7 13. d4 exd4 14. Nxd4 Bxd4 15. Bxd4 Nf5 16. Bb2 Qg5 17. O-O-O b5 18. g4 Ne7 19. h4 Qc5 20. cxb5 Bxb3 21. Qxc5 dxc5 22. Rd7 Nd5 23. Bd1 Bc4 24. Bf3 Rad8 25. Rxd8 Rxd8 26. Rd1 Rd7 27. Be5 Kf8 28. e4 Nb6 29. Rxd7 Nxd7 30. Bxc7 Bxb5 31. Bxa5 Ne5 32. Bd1 Nd3+ 33. Kd2 Nxf2 34. Bf3 Nd3 35. Be2 c4 36. Kc3 Ke7 37. Kd4 Ke6 38. g5 g6 39. Bb4 Ba6 40. Bg4+ f5 41. gxf6+ Kxf6 42. Bd6 Bb5 43. e5+ Kf7 44. e6+ Kf6 45. Bc7 h6 46. Bd8+ Kg7 47. h5 Be8 48. hxg6 Kxg6 49. Be2 Kf5 50. e7 Ne5 51. Bf1 Kf6 52. Bg2 Nc6+ 53. Bxc6 Bxc6 54. e8=Q+ 1-0

[Event "27th Heraklion Open 2019"]
[Site "Heraklion"]
[Date "2019.09.10"]
[Round "9.13"]
[White "Burnett, Leon P"]
[Black "Dagkonaki, Aspasia"]
[Result "1-0"]
[ECO "A16"]
[WhiteElo "1849"]
[BlackElo "1413"]
[Annotator "NA"]
[PlyCount "117"]
[EventDate "2019.09.03"]
[EventType "swiss"]
[EventCountry "GRE"]
[SourceTitle "playchess.com"]
[Source "ChessBase"]
[SourceQuality "1"]
[TimeControl "40/5400+30:1800+30"]

1. c4 g6 2. g3 Bg7 3. Bg2 Nf6 4. Nc3 d6 5. e4 e5 6. Nge2 Bg4 7. f3 Be6 8. b3 Nc6 9. d3 h5 10. h4 Nd7 11. Be3 f5 12. d4 exd4 13. Nxd4 Nxd4 14. Bxd4 Bxd4 15. Qxd4 Qf6 16. Qxf6 Nxf6 17. f4 O-O-O 18. O-O Rhe8 19. Rfe1 Ng4 20. Re2 Bd7 21. Rae1 Bc6 22. exf5 Rxe2 23. Rxe2 gxf5 24. Bd5 Bd7 25. Bf3 Re8 26. Bxg4 fxg4 27. Rxe8+ Bxe8 28. Kf2 c6 29. Ke3 Bg6 30. Kd4 Kc7 31. b4 a6 32. Ke3 b5 33. Kd4 bxc4 34. Kxc4 Kb7 35. a3 Kc7 36. Ne2 Kd7 37. Nd4 Bf7+ 38. Kc3 d5 39. Nb3 Kc7 40. Kd4 Kb6 41. Nc5 Kb5 42. f5 Bg8 43. Nd7 a5 44. bxa5 Kxa5 45. Kc5 Ka4 46. Ne5 Kxa3 47. Nxc6 Kb3 48. Ne7 Bf7 49. Nxd5 Kc2 50. Nf4 Kd2 51. Kd4 Ke1 52. Ke3 Kf1 53. Ng6 Kg2 54. Kf4 Kf2 55. Ne5 Be8 56. f6 Kg2 57. f7 Bxf7 58. Nxf7 Kf2 59. Ne5 1-0

[Event "27th Heraklion Open 2019"]
[Site "Heraklion"]
[Date "2019.09.10"]
[Round "9.14"]
[White "Westman, Lennart"]
[Black "Farsaris, Michail"]
[Result "0-1"]
[ECO "E14"]
[WhiteElo "1700"]
[BlackElo "1273"]
[Annotator "NA"]
[PlyCount "104"]
[EventDate "2019.09.03"]
[EventType "swiss"]
[EventCountry "GRE"]
[SourceTitle "playchess.com"]
[Source "ChessBase"]
[SourceQuality "1"]
[TimeControl "40/5400+30:1800+30"]

1. d4 d5 2. Nf3 Nf6 3. e3 e6 4. Bd3 Be7 5. O-O O-O 6. b3 Nbd7 7. Bb2 b6 8. Nbd2 Bb7 9. c4 c5 10. Ne5 Rc8 11. f4 Re8 12. Ndf3 cxd4 13. exd4 Ba6 14. Rc1 Nxe5 15. dxe5 Ng4 16. Qe2 dxc4 17. Bxc4 Bc5+ 18. Kh1 Bxc4 19. bxc4 Re7 20. Ng5 Ne3 21. Rf3 h6 22. Ne4 Nf5 23. Nxc5 bxc5 24. Rd3 Qa5 25. Bc3 Qb6 26. Rcd1 Rb7 27. g4 Nh4 28. Rd6 Qc7 29. Qf2 Ng6 30. f5 exf5 31. gxf5 Nf8 32. Qg3 Rb6 33. Rxb6 Qxb6 34. e6 Qb7+ 35. Kg1 fxe6 36. f6 g6 37. Qe5 Qf7 38. Ba5 Nd7 39. Qd6 Nxf6 40. Rf1 Ne4 41. Qe5 Qb7 42. Qxe6+ Kg7 43. Qe5+ Kg8 44. Re1 Ng5 45. Re3 Qb1+ 46. Kg2 Rf8 47. Re1 Qxa2+ 48. Re2 Qxa5 49. Qd5+ Kg7 50. Re7+ Nf7 51. Qe5+ Kg8 52. Qf6 Qd2+ 0-1

[Event "27th Heraklion Open 2019"]
[Site "Heraklion"]
[Date "2019.09.10"]
[Round "9.15"]
[White "Borbantonakis, Ioannis"]
[Black "Vlatas, Dimitrios"]
[Result "1-0"]
[ECO "A05"]
[WhiteElo "1635"]
[BlackElo "1393"]
[Annotator "NA"]
[PlyCount "105"]
[EventDate "2019.09.03"]
[EventType "swiss"]
[EventCountry "GRE"]
[SourceTitle "playchess.com"]
[Source "ChessBase"]
[SourceQuality "1"]
[TimeControl "40/5400+30:1800+30"]

1. Nf3 Nf6 2. g3 g6 3. b4 Bg7 4. Bb2 d6 5. d4 O-O 6. Bg2 Nbd7 7. c4 Re8 8. O-O e5 9. Qc2 c6 10. Na3 e4 11. Ng5 d5 12. cxd5 cxd5 13. Nb5 Rf8 14. Nc7 Rb8 15. b5 Nb6 16. Ba3 Nc4 17. Bxf8 Bxf8 18. b6 axb6 19. Nb5 Ng4 20. Nxe4 Bf5 21. h3 Nge3 22. fxe3 Nxe3 23. Qb3 Nxf1 24. Qxd5 Qxd5 25. Nf6+ Kg7 26. Nxd5 Nxg3 27. Kf2 Ne4+ 28. Bxe4 Bxe4 29. Nxb6 Bc6 30. Na7 Be4 31. Rc1 Bf5 32. h4 Be7 33. Kf3 Bxh4 34. e4 Bd8 35. Nac8 Bxc8 36. Nxc8 b5 37. e5 Ra8 38. Rc2 h5 39. Ke4 h4 40. Nd6 b4 41. Nb7 Kf8 42. Nxd8 Rxd8 43. d5 Ke7 44. Rc7+ Rd7 45. d6+ Ke6 46. Rc8 f5+ 47. Kf4 Ra7 48. Re8+ Kd5 49. Re7 Ra8 50. d7 Rd8 51. e6 Kd6 52. Re8 Kc7 53. e7 1-0

[Event "27th Heraklion Open 2019"]
[Site "Heraklion"]
[Date "2019.09.10"]
[Round "9.16"]
[White "Koumis, Filippos"]
[Black "Stratigi, Ioanna"]
[Result "1/2-1/2"]
[ECO "C66"]
[WhiteElo "1601"]
[BlackElo "1166"]
[Annotator "NA"]
[PlyCount "59"]
[EventDate "2019.09.03"]
[EventType "swiss"]
[EventCountry "GRE"]
[SourceTitle "playchess.com"]
[Source "ChessBase"]
[SourceQuality "1"]
[TimeControl "40/5400+30:1800+30"]

1. e4 e5 2. Nf3 Nc6 3. Bb5 Nf6 4. O-O d6 5. d4 exd4 6. Nxd4 Bd7 7. Nc3 Be7 8. Bg5 O-O 9. f4 h6 10. Bh4 Nxe4 11. Bxe7 Qxe7 12. Re1 Nxc3 13. Rxe7 Nxd1 14. Bxc6 Bxc6 15. Rxd1 Rac8 16. Rde1 a6 17. Nxc6 bxc6 18. R1e3 Rfd8 19. Ra3 Kf8 20. Re4 Ra8 21. Rea4 c5 22. Rxa6 Rxa6 23. Rxa6 Rb8 24. b3 Rb4 25. Rc6 Rd4 26. Rxc7 Rd2 27. a4 Rxc2 28. a5 Ra2 29. Rd7 Rxa5 30. Rxd6 1/2-1/2

[Event "27th Heraklion Open 2019"]
[Site "Heraklion"]
[Date "2019.09.10"]
[Round "9.17"]
[White "Ergazaki, Eirini"]
[Black "Xirouhakis, Emmanouil"]
[Result "1-0"]
[ECO "B90"]
[WhiteElo "1336"]
[BlackElo "1574"]
[Annotator "NA"]
[PlyCount "85"]
[EventDate "2019.09.03"]
[EventType "swiss"]
[EventCountry "GRE"]
[SourceTitle "playchess.com"]
[Source "ChessBase"]
[SourceQuality "1"]
[TimeControl "40/5400+30:1800+30"]

1. e4 c5 2. Nf3 d6 3. d4 cxd4 4. Nxd4 Nf6 5. Nc3 a6 6. f3 e5 7. Nb3 Be6 8. Be3 Nbd7 9. Qd2 Be7 10. g4 Rc8 11. O-O-O b5 12. g5 Nh5 13. Nd5 Bxd5 14. exd5 Nb6 15. Na5 Nxd5 16. Qxd5 Qxa5 17. Bh3 Rc4 18. Bg4 O-O 19. Bxh5 Qxa2 20. Bg4 Qa1+ 21. Kd2 Qxb2 22. Ke2 Rxc2+ 23. Rd2 b4 24. Bf5 Rxd2+ 25. Qxd2 Qxd2+ 26. Bxd2 d5 27. Ra1 b3 28. Ra4 a5 29. Rxa5 Bd6 30. Ra6 Bc5 31. Ra5 Bd4 32. Rxd5 g6 33. Bb1 Ra8 34. Rb5 b2 35. Be3 Bc3 36. Rb3 Ra1 37. Be4 Re1+ 38. Kf2 Rh1 39. Rxc3 b1=Q 40. Bxb1 Rxb1 41. Rc5 Rb2+ 42. Kg3 Re2 43. Rxe5 1-0

[Event "27th Heraklion Open 2019"]
[Site "Heraklion"]
[Date "2019.09.10"]
[Round "9.19"]
[White "Kealar, Konstantinos"]
[Black "Kazakos, Nikolaos"]
[Result "0-1"]
[ECO "D02"]
[WhiteElo "1270"]
[BlackElo "1514"]
[Annotator "NA"]
[PlyCount "84"]
[EventDate "2019.09.03"]
[EventType "swiss"]
[EventCountry "GRE"]
[SourceTitle "playchess.com"]
[Source "ChessBase"]
[SourceQuality "1"]
[TimeControl "40/5400+30:1800+30"]

1. d4 e6 2. Bf4 Nf6 3. Nf3 d5 4. e3 c5 5. c3 Qb6 6. Qc2 Nc6 7. Be2 Bd7 8. Ne5 Rc8 9. O-O cxd4 10. Nxc6 Rxc6 11. exd4 Qxd4 12. Be3 Qe5 13. Bxa7 b6 14. Bb5 Rc8 15. Bxd7+ Nxd7 16. Qb3 Qc7 17. Qa4 Bd6 18. Na3 Bxa3 19. bxa3 O-O 20. Bxb6 Nxb6 21. Qd4 Nc4 22. a4 Qa5 23. h4 e5 24. Qg4 Qxa4 25. Rad1 Qc6 26. h5 Qe6 27. Qg3 Ra8 28. h6 g6 29. Qg5 f6 30. Qg3 Rxa2 31. f4 exf4 32. Rxf4 Qe3+ 33. Qxe3 Nxe3 34. Rd3 Rxg2+ 35. Kh1 Re2 36. Kg1 Rb8 37. Rxe3 Rb1+ 38. Rf1 Rxf1+ 39. Kxf1 Rxe3 40. Kf2 Rxc3 41. Ke2 g5 42. Kd2 d4 {Kd3} 0-1